 Dungeon Crawl Stone Soup version 0.24-a0-581-gc0fa6600bf (webtiles) character file.

Game seed: 5376795244437929101

47722 MisterOstroum the Spear-Bearer (level 14, -1/133 HPs)
             Began as a Demonspawn Chaos Knight on Aug 25, 2019.
             Was a Plaything of Xom.
             Slain by an orc warrior
             ... wielding a +0 mace
              (17 damage)
             ... while paralysed by an orc sorcerer
             ... on level 2 of the Orcish Mines on Aug 27, 2019.
             The game lasted 01:24:04 (19362 turns).

MisterOstroum the Spear-Bearer (DsCK)              Turns: 19362, Time: 01:24:05

Health: -1/133     AC: 23    Str: 21      XL:     14   Next: 9%
Magic:  0/20       EV:  2    Int: 12 (13) God:    Xom [...*..]
Gold:   909        SH:  0    Dex: 14      Spells: 13/13 levels left

rFire    + + +     SeeInvis .   S - +4 demon trident
rCold    . . .     Gourm    .   B - +0 shield (curse)
rNeg     . . .     Faith    .   m - +2 plate armour {rF+}
rPois    .         Spirit   +   (helmet restricted)
rElec    +         Reflect  .   s - +1 cloak {rF+}
rCorr    .         Harm     .   N - +0 pair of gloves
MR       +....                  l - +0 pair of boots
Stlth    ..........             (no amulet)
HPRegen  0.72/turn              r - +2 ring of strength
MPRegen  0.34/turn              x - +4 ring of protection

@: paralysed, lightly drained
A: antennae 2, claws 2, talons 2, blurry vision 1, demonic guardian 2,
deterioration 1, fire resistance 1, regeneration 1, robust 2, electricity
resistance, strong 1, wild magic 1, evolution 1, magic shield, magic
regeneration, magic link
a: Renounce Religion


You were on level 2 of the Orcish Mines.
You worshipped Xom.
You were a favourite toy of Xom.
You were not hungry.

You visited 3 branches of the dungeon, and saw 18 of its levels.
You also visited: Ossuary and Volcano.

You collected 1221 gold pieces.
You spent 312 gold pieces at shops.

Inventory:

Hand Weapons
 a - a +0 spear of chaos
 Q - a +3 glaive
 S - a +4 demon trident (weapon)
Missiles
 v - 14 boomerangs (quivered)
 I - a throwing net {!f}
 R - 7 javelins
 U - 28 poisoned darts
Armour
 l - a +0 pair of boots (worn)
 m - a +2 plate armour of fire resistance (worn)
 s - a +1 cloak of fire resistance (worn)
 B - a cursed +0 shield (worn)
 N - a +0 pair of gloves (worn)
Jewellery
 r - a +2 ring of strength (left hand)
 x - a +4 ring of protection (right hand)
 W - an uncursed ring of see invisible
Wands
 d - a wand of iceblast (6)
 h - a wand of clouds (6)
 w - a wand of paralysis (8)
 y - a wand of polymorph (19)
 G - a wand of digging (9)
 H - a wand of scattershot (5)
 P - a wand of random effects (27)
 T - a wand of disintegration (15)
Scrolls
 b - 2 scrolls of teleportation
 c - 4 scrolls of blinking {@r4}
 j - 2 scrolls of fear {unknown}
 k - 3 scrolls of fog {!r}
 z - a scroll of immolation
 A - 5 scrolls of enchant armour
 E - 2 scrolls of holy word
 F - 8 scrolls of remove curse {@r2}
 K - 4 scrolls of amnesia
 M - 2 scrolls of vulnerability
 X - a scroll of acquirement
 Y - 2 scrolls of magic mapping {@r5 !r}
Potions
 g - 12 potions of curing {@q1 !q}
 i - 3 potions of heal wounds {unknown}
 n - 3 potions of invisibility
 o - 3 potions of agility {unknown}
 q - 2 potions of flight {unknown}
 t - 3 potions of might
 u - a potion of brilliance
 C - 2 potions of ambrosia {unknown}
 D - 3 potions of resistance
 J - 3 potions of mutation
 V - 2 potions of berserk rage {unknown}
 Z - a potion of lignification {@q6}
Miscellaneous
 p - a sack of spiders
Comestibles
 e - 27 rations
 f - 13 chunks of flesh


   Skills:
 - Level 10.7(10.1) Fighting
 - Level 14.0(13.5) Polearms
 - Level 6.4(5.9) Throwing
 - Level 5.6(5.2) Armour
 - Level 7.1(6.7) Dodging
 + Level 0.8(0.4) Shields
 - Level 8.0(7.5) Evocations


You had 13 spell levels left.
You didn't know any spells.
Your spell library contained the following spells:

 Spells                   Type           Power        Failure   Level  Hunger
 Animate Skeleton         Necr           N/A          100%        1    ##.....
 Apportation              Tloc           #.....       100%        1    ##.....
 Confusing Touch          Hex            #.....       100%        1    ##.....
 Magic Dart               Conj           #...         100%        1    ##.....
 Sandblast                Erth           #.....       100%        1    ##.....
 Summon Small Mammal      Summ           #...         100%        1    ##.....
 Blink                    Tloc           N/A          100%        2    ###....
 Call Imp                 Summ           #.......     100%        2    ###....
 Corpse Rot               Necr           N/A          100%        2    ###....
 Passwall                 Tmut/Erth      #.......     100%        2    ###....
 Slow                     Hex            #.......     100%        2    ###....
 Call Canine Familiar     Summ           #.......     100%        3    ####...
 Conjure Flame            Conj/Fire      #.......     100%        3    ####...
 Mephitic Cloud           Conj/Pois/Air  #.......     100%        3    ####...
 Stone Arrow              Conj/Erth      #.....       100%        3    ####...
 Summon Guardian Golem    Hex/Summ       #.......     100%        3    ####...
 Leda's Liquefaction      Hex/Erth       #.........   100%        4    #####..
 Petrify                  Tmut/Erth      #.......     100%        4    #####..
 Summon Ice Beast         Ice/Summ       #.......     100%        4    #####..
 Summon Lightning Spire   Summ/Air       #.......     100%        4    #####..
 Lee's Rapid Deconstruct  Erth           #.........   100%        5    ######.
 Summon Forest            Summ/Tloc      #.........   100%        5    ######.
 Hydra Form               Tmut           #.........   100%        6    #######
 Summon Hydra             Summ           #.........   100%        7    #######


Dungeon Overview and Level Annotations

Branches:
Dungeon (11/15)            Temple (0/1) D:5            Lair (5/6) D:8
  Swamp (0/4) Lair:2        Snake (0/4) Lair:4          Orc (2/2) D:10
Ossuary (visited)         Volcano (visited)
  Slime: Lair:5-6       Elf: Orc:2

Altars:
Cheibriados
Hepliaklqana
Kikubaaqudgha
Nemelex Xobeh
Okawaru
Sif Muna
Trog
Uskayaw
Wu Jian
Xom

Shops:
D:6 !   D:7 ?*   Orc:2 [*

Annotations:
D:9 exclusion: door
Orc:2 Donald


Innate Abilities, Weirdness & Mutations

You have a pair of antennae on your head.
You have very sharp fingernails.
You have razor-sharp toenails.
A demonic guardian rushes to your aid.
When hurt, damage is shared between your health and your magic reserves.
You regenerate magic rapidly.
When low on magic, you restore magic in place of health.
Scrolls take you a little longer to read.
Your body sometimes deteriorates upon taking damage.
Your flesh is heat resistant. (rF+)
Your natural rate of healing is unusually fast.
You are very robust. (+20% HP)
You are resistant to electric shocks. (rElec)
Your muscles are strong. (Str +2)
Your spells are a little harder to cast, but a little more powerful.
You evolve.


Message History

You feel strangely unstable. 2 orcs and an orc warrior come into view.
The orc shouts! x2
The fungus is engulfed in a cloud of scalding steam.
The fungus is destroyed!
The orc throws a boomerang.
You block the boomerang.
The weapon returns to the orc!
The orc warrior is engulfed in a cloud of scalding steam.
The orc warrior hits your smoke demon with a +2 war axe of electrocution!!
Your smoke demon dies!
The orc moves out of view.
An orc warrior comes into view. It is wielding a +0 long sword.
Attack whom?
Press: ? - help, Dir - move target cursor, f - orc warrior
Aim: an orc warrior, wielding a +2 war axe of electrocution and wearing a +0 plate armour (steam, severely wounded, hasn't noticed you)
You reach to attack!
You closely miss the orc warrior.
The orc warrior shouts!
The orc warrior is severely wounded.
The orc knight hits you but does no damage.
The orc warrior hits you from afar with a +0 glaive!
Attack whom?
Press: ? - help, Dir - move target cursor, f/p - orc warrior
Aim: an orc warrior, wielding a +2 war axe of electrocution and wearing a +0 plate armour (steam, severely wounded)
You reach to attack!
You hit the orc warrior but do no damage.
The orc warrior is severely wounded.
You hit the orc warrior but do no damage.
The orc warrior is severely wounded.
Donald mumbles some strange words.
Donald seems to grow stronger.
The orc sorcerer gestures at you while chanting.
You suddenly lose the ability to move!
The orc knight hits you with a +1 battleaxe of chopping!!
The orc warrior hits you from afar with a +0 glaive.
The orc warrior hits you but does no damage.
The orc sorcerer hits you but does no damage.
Your surroundings suddenly seem different.
Xom roars with laughter!
An orc warrior comes into view. It is wielding a +0 hand axe.
The orc warrior shouts!
An orc warrior comes into view. It is wielding a +0 mace.
The orc warrior shouts!
An orc warlord comes into view.
It is wielding a +1 dire flail of draining and wearing a +2 chain mail of magic resistance.
The orc warlord shouts!
An orc high priest comes into view. It is wielding a +0 glaive.
The orc high priest shouts!
An orc knight comes into view. It is wielding a +1 dire flail.
The orc knight shouts!
A warg comes into view.
The warg howls!
An orc warrior comes into view. It is wielding a +0 dire flail.
The orc warrior shouts!
An orc priest comes into view. It is wielding a +0 mace.
The orc priest shouts!
An orc wizard comes into view. It is wielding a +0 dagger.
The orc wizard shouts!
An orc comes into view. It is wielding a +0 dagger.
The orc shouts!
You hear a shout!
The orc wizard casts a spell at you. You resist with almost no effort.
An orc comes into view. It is wielding a +0 war axe.
An orc warrior comes into view. It is wielding a +0 glaive.
The orc knight hits you but does no damage.
The orc warlord roars a battlecry!
The orcs go into a battle-frenzy!
The orc warrior throws a boomerang.
The boomerang hits you.
The weapon returns to the orc warrior!
An orc knight comes into view. It is wielding a +0 battleaxe.
The warg pauses to sniff the ground.
The warg bites you!
The orc shouts!
Found 17 gold pieces.
Found Zituazxav's Antique Armour Shop.
The warg bites you but does no damage.
The orc wizard points at you and mumbles some strange words.
The puff of flame hits you but does no damage.
The orc high priest hits you from afar with a +0 glaive.
The orc knight completely misses you. The warg bites you but does no damage.
The orc warlord roars a battlecry!
The orc goes into a battle-frenzy!
The orc knight hits you with a +1 dire flail.
The orc high priest hits you from afar with a +0 glaive.
The warg bites you but does no damage.
The orc warlord hits you with a +1 dire flail of draining!!
You feel drained.
The orc wizard casts a spell.
The orc wizard flickers and vanishes!
Deactivating autopickup; reactivate with Ctrl-A.
The orc warrior hits you but does no damage.
The orc knight hits you with a +0 battleaxe!!
The warg bites you!
The orc knight hits you with a +1 dire flail!
* * * LOW HITPOINT WARNING * * *
The orc high priest hits you from afar with a +0 glaive!!
* * * LOW HITPOINT WARNING * * *
Your body deteriorates!
You feel dopey. The warg bites you but does no damage.
The orc warrior hits you with a +0 mace!!
You die...
Xom thinks this is hilarious!

..... .........
..... .........
...#.# ........
.##.....###
..Po{.....#
..PP......##
......ooP..#
....ooo@o..#
....oooohP.#
...............
P....8.........
#P............#
#...........$.#
###.P.P........
######.......


You could see an orc warlord, 2 orc knights, an orc high priest, a warg, 4 orc
warriors, an orc priest and 2 orcs.

Vanquished Creatures
  A hydra (Lair:5)
  An ogre mage (Volcano)
  4 two-headed ogres (Volcano)
  Urug (D:10)
  Nergalle (Lair:2)
  2 unseen horrors (D:10)
  An orc sorcerer (Orc:1)
  6 elephants
  4 black mambas
  4 spiny frogs
  4 komodo dragons
  4 polar bears (Lair:2)
  4 blink frogs
  A dream sheep (Lair:4)
  3 hippogriffs
  A basilisk (Lair:2)
  A wraith (D:10)
  A spriggan (Lair:5)
  A hog (D:7)
  17 yaks
  4 water moccasins
  An ice beast (D:8)
  8 porcupines
  8 orc warriors
  2 phantoms (D:8)
  A sky beast (D:10)
  3 black bears (D:8)
  3 wolves (Lair:5)
  6 ogres
  4 crocodiles
  Blork the orc (D:4)
  9 bullfrogs
  A wyvern skeleton (D:6)
  2 scorpions (D:8)
  9 killer bees
  5 wights (D:9)
  4 howler monkeys
  An electric eel (Lair:5)
  6 crimson imps
  2 centaur zombies
  4 bullfrog zombies
  2 jellies
  A human zombie (D:8)
  7 orc priests
  A centaur skeleton (D:8)
  3 hounds
  3 iguanas
  10 orc wizards
  11 worker ants
  A killer bee zombie (Ossuary)
  4 hound zombies
  A hound skeleton (D:6)
  14 mummies (Ossuary)
  2 howler monkey zombies (Ossuary)
  2 worker ant zombies (Ossuary)
  11 adders
  8 gnolls
  2 howler monkey skeletons
  A shadow imp (D:7)
  An ooze (D:5)
  5 adder zombies
  2 adder skeletons
  3 worms
  3 dart slugs
  4 leopard geckos
  41 orcs
  3 bats
  9 giant cockroaches
  8 goblins
  8 hobgoblins
  13 jackals
  5 quokkas
  A ball python (D:1)
  3 frilled lizards
  3 giant cockroach zombies
  A gnoll zombie (D:8)
  7 kobolds
  A leopard gecko zombie (Ossuary)
  A quokka zombie (Ossuary)
  6 rats
358 creatures vanquished.

Vanquished Creatures (collateral kills)
  A dire elephant (Volcano)
  2 two-headed ogres
  Pikel (D:7)
  A manticore (D:9)
  5 elephants
  2 spiny frogs
  A komodo dragon (shapeshifter) (D:7)
  A troll (D:10)
  2 hippogriffs
  A blink frog (D:8)
  6 dream sheep
  12 yaks
  2 hogs (D:7)
  A basilisk (Lair:2)
  A human (D:7)
  A water moccasin (Lair:4)
  A porcupine (Lair:3)
  An orc warrior (Orc:1)
  A black bear (D:8)
  2 wolves
  2 ogres (D:7)
  2 bullfrogs
  A scorpion (D:6)
  An electric eel (D:7)
  A crimson imp (D:5)
  2 hounds
  3 orc priests
  4 orc wizards
  2 gnolls
  8 orcs
  A bat (D:3)
  A rat (D:1)
  A fungus (Orc:2)
  A plant (Lair:2)
75 creatures vanquished.

Vanquished Creatures (others)
  A hippogriff (D:5)
  A slave (D:7)
  A hound (D:4)
  3 orcs (D:9)
  44 fungi
  25 plants (D:8)
  A withered plant (Ossuary)
76 creatures vanquished.

Grand Total: 509 creatures vanquished

Notes
Turn   | Place    | Note
-------+----------+-------------------------------------------
     0 | D:1      | MisterOstroum the Demonspawn Chaos Knight began the quest
                  | for the Orb.
     0 | D:1      | Reached XP level 1. HP: 18/18 MP: 1/1
    86 | D:1      | Reached skill level 3 in Polearms
   229 | D:1      | Gained mutation: A weak demonic guardian rushes to your
                  | aid. [demonic ancestry]
   229 | D:1      | Reached XP level 2. HP: 24/24 MP: 2/2
   446 | D:1      | XOM: enchant monster (bad)
   722 | D:1      | Gained mutation: You have sharp fingernails. [demonic
                  | ancestry]
   722 | D:1      | Reached XP level 3. HP: 29/29 MP: 3/3
   908 | D:1      | XOM: harmless Fire miscast
  1447 | D:2      | Found a faded altar of an unknown god.
  1722 | D:2      | Reached skill level 4 in Polearms
  1734 | D:2      | Gained mutation: When hurt, damage is shared between your
                  | health and your magic reserves. [demonic ancestry]
  1734 | D:2      | Reached XP level 4. HP: 37/37 MP: 4/4
  1775 | D:3      | XOM: noise
  1789 | D:3      | Found a sparkling altar of Nemelex Xobeh.
  1851 | D:3      | Found a hide-covered altar of Uskayaw.
  1863 | D:3      | XOM: harmless Summ miscast
  1932 | D:3      | XOM: scenery: create altars
  2120 | D:3      | Found a bloodstained altar of Trog.
  2120 | D:3      | Found an ancient bone altar of Kikubaaqudgha.
  2120 | D:3      | Found a snail-covered altar of Cheibriados.
  2178 | D:3      | XOM: potion effect (invisibility)
  2210 | D:3      | XOM: give mutations
  2210 | D:3      | Gained mutation: Your body sometimes deteriorates upon
                  | taking damage. [Xom's mischief]
  2210 | D:3      | Gained mutation: Scrolls take you a little longer to read.
                  | [Xom's mischief]
  2221 | D:3      | Reached XP level 5. HP: 17/42 MP: 2/5
  2237 | D:3      | XOM: smoke on damage
  2252 | D:3      | XOM: give mutation
  2252 | D:3      | Gained mutation: You are clumsy. (Dex -2) [Xom's mischief]
  2353 | D:3      | XOM: summons 2 hostile shadow creatures
  2381 | D:3      | XOM: torment (16/42 hp)
  2519 | D:2      | XOM: harmless Conj miscast
  2580 | D:3      | Found a shimmering blue altar of Sif Muna.
  2775 | D:3      | Found a hazy altar of Hepliaklqana.
  2776 | D:3      | Found a shimmering altar of Xom.
  2776 | D:3      | Noticed a hell beast
  2777 | D:3      | Noticed a spectral ugly thing
  2777 | D:3      | Noticed a hell beast
  2993 | D:4      | XOM: harmless Erth miscast
  3069 | D:4      | XOM: destruction
  3098 | D:4      | Reached skill level 5 in Polearms
  3418 | D:4      | XOM: divination: detect creatures
  3467 | D:4      | Gained mutation: You regenerate magic rapidly. [demonic
                  | ancestry]
  3467 | D:4      | Reached XP level 6. HP: 45/49 MP: 6/6
  3682 | D:4      | XOM: stat loss: -1 Dex (7/11)
  3747 | D:4      | XOM: cloud trail
  3857 | D:4      | Noticed Blork the orc
  3887 | D:4      | Killed Blork the orc
  3887 | D:4      | Reached skill level 5 in Fighting
  3911 | D:4      | XOM: summons 1 hostile demon
  4020 | D:4      | XOM: summons 2 friendly demons
  4146 | D:4      | Reached skill level 1 in Dodging
  4210 | D:4      | Gained mutation: You have a pair of small antennae on your
                  | head. [demonic ancestry]
  4210 | D:4      | Reached XP level 7. HP: 48/58 MP: 5/7
  4580 | D:5      | Entered Level 5 of the Dungeon
  4662 | D:5      | XOM: cloud trail
  4671 | D:5      | Noticed a hippogriff
  4777 | D:5      | XOM: divination: detect items
  4791 | D:5      | Killed a hippogriff
  4952 | D:5      | Found a staircase to the Ecumenical Temple.
  4983 | D:5      | XOM: harmless Summ miscast
  5307 | D:5      | XOM: harmless Conj miscast
  5347 | D:5      | Found a shimmering blue altar of Sif Muna.
  5561 | D:5      | XOM: cloud trail
  5718 | D:6      | Found Kuiruboy's Distillery.
  5822 | D:6      | Reached skill level 6 in Polearms
  6005 | D:6      | XOM: god gift: wand of digging (5)
  6388 | D:6      | Gained mutation: A demonic guardian rushes to your aid.
                  | [demonic ancestry]
  6388 | D:6      | Reached XP level 8. HP: 58/64 MP: 8/8
  6575 | D:6      | XOM: harmless Summ miscast
  6852 | D:6      | XOM: silly message
  6996 | D:7      | Noticed Pikel
  6996 | D:7      | XOM: 9-stop teleportation journey
  7048 | D:7      | Noticed a glowing shapeshifter
  7048 | D:7      | a hound changed into a glowing shapeshifter
  7048 | D:7      | Noticed a dream sheep
  7048 | D:7      | a glowing shapeshifter changed into a dream sheep
  7052 | D:7      | Noticed a salamander
  7052 | D:7      | a dream sheep changed into a salamander
  7060 | D:7      | Noticed a komodo dragon
  7060 | D:7      | a salamander changed into a komodo dragon
  7063 | D:7      | Killed a komodo dragon
  7063 | D:7      | Reached skill level 5 in Dodging
  7097 | D:7      | XOM: cast spell 'Cause Fear'
  7108 | D:7      | Killed Pikel
  7108 | D:7      | Reached skill level 7 in Polearms
  7156 | D:7      | Found an ornate altar of the Wu Jian Council.
  7237 | D:7      | Found Gunin's Elemental Accessories.
  7239 | D:7      | XOM: enchant monster (good)
  7337 | D:7      | Bought a wand of scattershot (5) for 270 gold pieces
  7362 | D:7      | Reached skill level 1 in Evocations
  7809 | D:7      | XOM: noise
  7831 | D:7      | XOM: cast spell 'Dispersal'
  8006 | D:7      | Found Jiujy's Magic Scroll Shop.
  8014 | D:7      | Bought a scroll of magic mapping for 42 gold pieces
  8217 | D:7      | XOM: harmless Pois miscast
  8369 | D:7      | Gained mutation: You have a pair of antennae on your head.
                  | [demonic ancestry]
  8369 | D:7      | Reached XP level 9. HP: 67/69 MP: 10/12
  8388 | D:7      | Reached skill level 5 in Evocations
  8619 | D:8      | Found a sand-covered staircase.
  8638 | Ossuary  | Entered an ossuary
  8906 | Ossuary  | XOM: divination: detect items
  8910 | Ossuary  | Reached skill level 8 in Polearms
  9693 | D:8      | XOM: cloud trail
  9783 | D:8      | XOM: enchant monster (good)
  9841 | D:8      | Found a staircase to the Lair.
  9841 | D:8      | XOM: 7-stop teleportation journey
  9862 | D:8      | Noticed a two-headed ogre
  9870 | D:8      | XOM: summons 2 friendly demons
  9881 | D:8      | Killed a two-headed ogre
  9881 | D:8      | Gained mutation: You have sharp toenails. [demonic
                  | ancestry]
  9881 | D:8      | Reached XP level 10. HP: 53/83 MP: 8/13
  9958 | D:8      | XOM: cleaving
 10002 | D:8      | XOM: confuse monster(s)
 10034 | D:8      | Reached skill level 9 in Polearms
 10253 | D:8      | XOM: give mutations
 10253 | D:8      | Gained mutation: Your natural rate of healing is unusually
                  | fast. [Xom's grace]
 10253 | D:8      | Lost mutation: You are clumsy. (Dex -2) [Xom's grace]
 10253 | D:8      | Gained mutation: You are robust. (+10% HP) [Xom's grace]
 10376 | D:8      | XOM: harmless Hex miscast
 10482 | D:8      | XOM: mild Tmut miscast
 10598 | D:8      | XOM: god gift: Fen Folio
 10672 | D:9      | Found an iron altar of Okawaru.
 10690 | D:9      | XOM: destruction
 10722 | D:9      | XOM: cloud trail
 10873 | D:9      | Noticed a centaur warrior
 10900 | D:9      | Reached skill level 10 in Fighting
 10914 | D:9      | XOM: harmless Chrm miscast
 10932 | D:9      | Found the +2 robe of Vines {NoPotionHeal Regen+7}
 11475 | D:9      | Noticed a manticore
 11486 | D:9      | Killed a manticore
 11486 | D:9      | Reached skill level 10 in Polearms
 11586 | D:10     | Entered Level 10 of the Dungeon
 11618 | D:10     | XOM: swap monsters
 11646 | D:10     | Killed an unseen horror
 11673 | D:10     | Noticed Urug
 11683 | D:10     | Killed Urug
 11793 | D:10     | Killed an unseen horror
 11793 | D:10     | Reached skill level 11 in Polearms
 11793 | D:10     | Reached XP level 11. HP: 86/99 MP: 11/14
 11851 | D:10     | XOM: noise
 11898 | D:10     | Found a staircase to the Orcish Mines.
 11962 | D:10     | Found a sparkling altar of Nemelex Xobeh.
 12059 | D:10     | Noticed a two-headed ogre
 12064 | D:10     | XOM: summons friendly white imp
 12066 | D:10     | Killed a two-headed ogre
 12297 | D:10     | XOM: harmless Necr miscast
 12471 | D:11     | Noticed a brown ugly thing
 12526 | Lair:1   | Entered Level 1 of the Lair of Beasts
 12582 | Lair:1   | Reached skill level 12 in Polearms
 12780 | Lair:1   | XOM: enchant monster (good)
 12789 | Lair:1   | XOM: summons 4 hostile shadow creatures
 12793 | Lair:1   | XOM: polymorph porcupine -> ogre
 12796 | Lair:1   | XOM: noise
 12797 | Lair:1   | XOM: blink monster(s)
 12807 | Lair:1   | XOM: fake destruction
 12845 | Lair:1   | XOM: smoke on damage
 13002 | D:8      | XOM: enchant monster (good)
 13284 | Lair:1   | XOM: 4-stop teleportation journey
 13398 | Lair:1   | XOM: cloud trail
 13906 | Lair:1   | Reached skill level 13 in Polearms
 14003 | Lair:1   | XOM: noise
 14040 | Lair:2   | XOM: enchant monster (good)
 14045 | Lair:2   | XOM: confuse monster(s)
 14084 | Lair:2   | Found a staircase to the Swamp.
 14113 | Lair:2   | XOM: enchant monster (good)
 14270 | Lair:2   | XOM: cleaving
 14282 | Lair:2   | XOM: smoke on damage
 14472 | Lair:2   | Noticed Nergalle
 14483 | Lair:2   | Killed Nergalle
 14645 | Lair:2   | Gained mutation: You have razor-sharp toenails. [demonic
                  | ancestry]
 14645 | Lair:2   | Reached XP level 12. HP: 96/106 MP: 13/15
 14740 | Lair:2   | XOM: scenery: 1 doors open
 14961 | Lair:3   | XOM: god gift: 52 gold pieces
 14966 | Lair:3   | Reached skill level 14 in Polearms
 14971 | Lair:3   | XOM: polymorph soul eater -> sun demon
 15000 | Lair:3   | XOM: give mutation
 15000 | Lair:3   | Gained mutation: Your flesh is heat resistant. (rF+) [Xom's
                  | grace]
 15157 | Lair:3   | XOM: swap monsters
 15983 | Lair:3   | XOM: cloud trail
 16064 | Lair:4   | Reached skill level 5 in Armour
 16290 | Lair:4   | Found a staircase to the Snake Pit.
 16763 | Lair:4   | XOM: god gift: ration
 17054 | Lair:4   | XOM: 1-stop teleportation journey
 17072 | Lair:5   | Found an ancient bone altar of Kikubaaqudgha.
 17085 | Lair:5   | XOM: summons friendly crimson imp
 17094 | Lair:5   | XOM: cast spell 'Monstrous Menagerie'
 17122 | Lair:5   | Found a dark tunnel.
 17163 | Volcano  | Entered a volcano
 17182 | Volcano  | Noticed a two-headed ogre
 17202 | Volcano  | Killed a two-headed ogre
 17245 | Volcano  | Noticed a two-headed ogre
 17255 | Volcano  | Killed a two-headed ogre
 17303 | Volcano  | Noticed a two-headed ogre
 17303 | Volcano  | Noticed a two-headed ogre
 17303 | Volcano  | Noticed an ogre mage
 17313 | Volcano  | Killed a two-headed ogre
 17321 | Volcano  | Killed an ogre mage
 17325 | Volcano  | Killed a two-headed ogre
 17355 | Volcano  | Noticed a red draconian
 17364 | Volcano  | Noticed a dire elephant
 17364 | Volcano  | a red draconian changed into a dire elephant
 17364 | Volcano  | XOM: polymorph red draconian -> dire elephant
 17367 | Volcano  | XOM: summons friendly white imp
 17389 | Volcano  | Killed a dire elephant
 17531 | Volcano  | XOM: divination: magic mapping
 17883 | Lair:5   | Noticed an eight-headed hydra
 17894 | Lair:5   | Killed an eight-headed hydra
 17894 | Lair:5   | Gained mutation: When low on magic, you restore magic in
                  | place of health. [demonic ancestry]
 17894 | Lair:5   | Reached XP level 13. HP: 74/114 MP: 11/18
 18206 | Lair:5   | XOM: god gift: scroll of vulnerability
 18434 | Lair:5   | XOM: harmless Fire miscast
 18543 | Lair:5   | XOM: god gift: 42 gold pieces
 18569 | Lair:5   | Identified a scroll of acquirement
 18569 | Lair:5   | Reached XP level 14. HP: 122/122 MP: 19/19
 18691 | Lair:3   | XOM: cloud trail
 18762 | Orc:1    | Entered Level 1 of the Orcish Mines
 18945 | D:10     | XOM: divination: magic mapping
 19014 | Orc:1    | Paralysed by an orc sorcerer for 2 turns
 19023 | Orc:1    | Found an iron altar of Okawaru.
 19229 | Orc:1    | XOM: god gift: 18 gold pieces
 19250 | Orc:1    | XOM: give mutations
 19250 | Orc:1    | Gained mutation: You are resistant to electric shocks.
                  | (rElec) [Xom's grace]
 19250 | Orc:1    | Gained mutation: Your muscles are strong. (Str +2) [Xom's
                  | grace]
 19250 | Orc:1    | Gained mutation: You evolve. [Xom's grace]
 19264 | Orc:1    | XOM: give mutations
 19264 | Orc:1    | Gained mutation: Your spells are a little harder to cast,
                  | but a little more powerful. [Xom's grace]
 19264 | Orc:1    | Gained mutation: You have very sharp fingernails. [Xom's
                  | grace]
 19264 | Orc:1    | Gained mutation: You are very robust. (+20% HP) [Xom's
                  | grace]
 19350 | Orc:2    | Entered Level 2 of the Orcish Mines
 19350 | Orc:2    | Found Miceumus's General Store.
 19350 | Orc:2    | Noticed Donald
 19356 | Orc:2    | Paralysed by an orc sorcerer for 7 turns
 19358 | Orc:2    | Found Zituazxav's Antique Armour Shop.
 19358 | Orc:2    | Noticed an orc warlord
 19362 | Orc:2    | Slain by an orc warrior

Levels and vault maps discovered:
D:1:      dpeg_arrival_central, layout_basic, interstate_on_off
D:2:      layout_basic, chequers_ecumenical_altar_simple_redux,
          lemuel_old_faithful
D:3:      layout_loops_ring, regret_index_temple_of_mockery,
          nicolae_overflow_hidden_temple, nemelex_xobeh_ov_fountains_minmay,
          lemuel_blue_sif_altar, gammafunk_temple_overflow_forgotten,
          first_ration
D:4:      layout_loops_ring, uniq_blork_the_orc
D:5:      layout_gridville, temple_green, basic_altar,
          chequers_serial_rivers_micro_b, minivault_14
D:6:      layout_basic, serial_shops, nicolae_shop_competitors_out_of_business,
          minivault_22, grunt_ministairs_8
D:7:      cheibrodos_helix_gallery, layout_basic, basic_altar, serial_shops,
          shop_scrolls, nicolae_elemental_shop, grunt_livestock, uniq_pikel
D:8:      layout_loops_ring, due_lair_maze_entry_diamond, enter_ossuary_3
D:9:      layout_small_grid, old_standard_altar, minmay_evil_grid
D:10:     layout_basic, orc_0_dummy, basic_altar, uniq_urug
D:11:     layout_irregular_city, minmay_splitting_lines
Lair:1:   layout_cave_pods, serial_bayou_shore_b, grunt_megastairs_2,
          lemuel_fruit_fields
Lair:2:   layout_chaotic_city, swamp_mist_pool, cheibrodos_lair_lostbears,
          uniq_nergalle
Lair:3:   layout_long_grid
Lair:4:   layout_roguey, dummy_snake_entry, serial_bayou_shore_b,
          infiniplex_staircase_pool_2
Lair:5:   layout_cave_pods, basic_altar, nicolae_volcano_entry_hallway,
          grunt_forest_large_clearing_hut, serial_bayou_shore_a
Orc:1:    layout_diamond_mine, okawaru_metal_pillars_1_2
Orc:2:    grunt_orc_gardens, layout_diamond_mine, grunt_orc_garden,
          grunt_orc_garden, grunt_orc_garden, grunt_orc_garden, serial_shops,
          shop_fountains, uniq_donald

Skill      XL: |  1  2  3  4  5  6  7  8  9 10 11 12 13 14 |
---------------+-------------------------------------------+-----
Polearms       | 3 4 5 6 7 8 11 13 14 | 14.0
Fighting       | 4 6 9 10 | 10.7
Dodging        | 1 4 5 7 |  7.1
Evocations     | 4 5 7 8 |  8.0
Armour         | 5 |  5.6
Throwing       | 6 |  6.4
Shields        | |  0.8

Action                   |  1- 3 |  4- 6 |  7- 9 | 10-12 | 13-15 || total
-------------------------+-------+-------+-------+-------+-------++-------
Melee: Spear             |   138 |   288 |   271 |       |       ||   697
       Halberd           |       |       |    18 |       |       ||    18
       Glaive            |       |       |   190 |    55 |       ||   245
       Trident           |       |       |       |   123 |       ||   123
       Kick              |       |       |       |    97 |       ||    97
       Demon trident     |       |       |       |   517 |   123 ||   640
Throw: Stone             |     7 |    36 |    79 |       |       ||   122
       Boomerang         |       |       |    15 |   128 |    11 ||   154
  Use: Potion            |       |     3 |       |     2 |     1 ||     6
       Scroll            |       |       |     1 |    21 |     2 ||    24
 Stab: Sleeping          |     1 |       |       |       |       ||     1
       Invisible         |       |     4 |       |       |       ||     4
       Paralysed         |       |     4 |     5 |     3 |       ||    12
       Confused          |       |     1 |       |       |       ||     1
       Distracted        |       |       |     5 |     5 |       ||    10
  Eat: Chunk             |     3 |     4 |    16 |    22 |     5 ||    50
       Ration            |       |     1 |     1 |     1 |       ||     3
Armor: Leather armour    |    40 |    70 |    75 |   133 |       ||   318
       Skin              |       |       |    28 |       |       ||    28
       Robe              |       |       |     8 |       |       ||     8
       Plate armour      |       |       |       |    12 |    44 ||    56
Dodge: Dodged            |    48 |    53 |   210 |   246 |    16 ||   573
Block: Shield            |       |       |       |    41 |    24 ||    65

Table legend:
 A = Non-vault XP
 B = Vault XP
 C = Vault XP percentage of total XP
 D = Non-vault monster count
 E = Vault monster count
 F = Vault count percentage of total count
                 A         B        C        D         E       F
            +---------+---------+-------+---------+---------+-------
      Total |   29220 |   11969 |  29.1 |     351 |      82 |  18.9
            +---------+---------+-------+---------+---------+-------
        D:1 |      51 |       0 |   0.0 |      27 |       0 |   0.0
        D:2 |      46 |       0 |   0.0 |      18 |       0 |   0.0
        D:3 |     118 |       0 |   0.0 |      23 |       0 |   0.0
        D:4 |     509 |      90 |  15.0 |      35 |       1 |   2.8
        D:5 |     328 |       0 |   0.0 |      13 |       0 |   0.0
        D:6 |     459 |      20 |   4.2 |      13 |       1 |   7.1
        D:7 |     722 |     974 |  57.4 |      26 |       8 |  23.5
        D:8 |    3235 |     910 |  22.0 |      32 |      11 |  25.6
        D:9 |     848 |     826 |  49.3 |      22 |       6 |  21.4
       D:10 |    5226 |     483 |   8.5 |      42 |       1 |   2.3
     Lair:1 |    1684 |    1383 |  45.1 |       8 |       7 |  46.7
     Lair:2 |    2565 |    1689 |  39.7 |      15 |       5 |  25.0
     Lair:3 |    4775 |       0 |   0.0 |      18 |       0 |   0.0
     Lair:4 |    3326 |       0 |   0.0 |      18 |       0 |   0.0
     Lair:5 |    4148 |     767 |  15.6 |      18 |       3 |  14.3
      Orc:1 |    1180 |       0 |   0.0 |      23 |       0 |   0.0
    Ossuary |       0 |     732 | 100.0 |       0 |      33 | 100.0
    Volcano |       0 |    4095 | 100.0 |       0 |       6 | 100.0
            +---------+---------+-------+---------+---------+-------
